 Dungeon Crawl Stone Soup version 0.27-a0-1123-g2f9bb313c0 (webtiles) character file.

Game seed: 16469769453371469409

543 Zeld the Chucker (level 7, -18/47 HPs)
             Began as an Octopode Fighter on May 3, 2021.
             Was an Initiate of Okawaru.
             Demolished by an ogre
             ... wielding a +0 giant club
              (34 damage)
             ... on level 5 of the Dungeon.
             The game lasted 00:05:17 (7082 turns).

Zeld the Chucker (Octopode Fighter)                 Turns: 7082, Time: 00:05:17

Health: -18/47     AC:  1    Str: 17    XL:     7   Next: 27%
Magic:  7/7        EV: 11    Int: 11    God:    Okawaru [......]
Gold:   31         SH: 11    Dex: 11    Spells: 6/6 levels left

rFire    . . .     SeeInvis .   a - +0 war axe
rCold    . . .     Faith    .   b - +2 kite shield
rNeg     . . .     Spirit   .   (helmet restricted)
rPois    .         Reflect  .   (no amulet)
rElec    .         Harm     .   (no ring)
rCorr    .         Rampage  .   (no ring)
Will     .....                  (no ring)
Stlth    ++........             (no ring)
HPRegen  0.15/turn              (no ring)
MPRegen  0.10/turn              (no ring)
                                (no ring)
                                (no ring)

@: no status effects
A: almost no armour, amphibious, 8 rings, camouflage 1, gelatinous body 1,
(nimble swimmer 1), tentacles
a: Renounce Religion


You were on level 5 of the Dungeon.
You worshipped Okawaru.
Okawaru was noncommittal.
You visited 2 branches of the dungeon, and saw 6 of its levels.

You collected 167 gold pieces.
You spent 136 gold pieces at shops.

Inventory:

Hand Weapons
 a - a +0 war axe (weapon)
Missiles
 l - 22 poisoned darts (quivered)
 u - 3 boomerangs
Armour
 b - a +2 kite shield (worn)
Jewellery
 p - a ring of resist corrosion
Wands
 r - a wand of paralysis (8)
 w - a wand of acid (9)
Scrolls
 d - a scroll of brand weapon {unknown}
 e - 3 scrolls of identify {unknown}
 f - 2 scrolls of acquirement {unknown}
 g - a scroll of vulnerability {unknown}
 h - 4 scrolls of fear {unknown}
 i - a scroll of teleportation {unknown}
 s - a scroll of amnesia {unknown}
 t - a scroll of immolation {unknown}
Potions
 c - a potion of might
 j - 2 potions of curing
 k - a potion of brilliance {unknown}
 m - a potion of magic {unknown}
 n - a potion of heal wounds {unknown}
 o - a potion of degeneration {unknown}
 q - a potion of mutation {unknown}
 v - a potion of lignification {unknown}
 x - 2 potions of invisibility {unknown}


   Skills:
 * Level 3.8 Fighting
 * Level 3.1 Axes
 - Level 6.0 Throwing
 - Level 3.0 Dodging
 * Level 3.8 Shields


You had 6 spell levels left.
You didn't know any spells.
Your spell library contained the following spells:

 Spells                   Type           Power      Damage    Failure   Level
 Animate Skeleton         Necr           0%         N/A       83%         1
 Pain                     Necr           0%         1d4       83%         1
 Vampiric Draining        Necr           0%         2d6       99%         3
 Animate Dead             Necr           0%         N/A       100%        4
 Agony                    Necr           0%         N/A       100%        5


Dungeon Overview and Level Annotations

Branches:
Dungeon (5/15)             Temple (1/1) D:4

Altars:
Ashenzari
Cheibriados
Dithmenos
Elyvilon
Gozag
Kikubaaqudgha
Makhleb
Okawaru
Qazlal
Sif Muna
Uskayaw
Vehumet
Wu Jian
Xom
Yredelemnul
Zin

Shops:
D:4 *


Innate Abilities, Weirdness & Mutations

You cannot wear most types of armour.
You are amphibious.
You can wear up to eight rings at the same time.
Your skin changes colour to match your surroundings (Stealth+).
Your rubbery body absorbs attacks. (AC +1, EV +1)
((You are camouflaged near water. (Stealth+)))
You have tentacles for arms and can constrict up to eight enemies at once.


Message History

You kill the orc!
Okawaru accepts your kill.
The ogre shouts!
An orc comes into view. It is wielding a +0 flail.
The orc shouts! x4
Things that are here:
a +0 short sword; a +0 ring mail; an orc corpse The orc misses you.
You barely miss the orc. You grab the orc. You constrict the orc.
The orc barely misses you.
You hit the orc but do no damage. You squeeze the orc.
You kill the orc!
Okawaru accepts your kill.
You hit the ogre but do no damage. The ogre misses you.
The ogre hits you with a +0 giant club!
You hit the ogre.
The ogre is lightly wounded.
You block the ogre's attack.
You slash the ogre!
The ogre is heavily wounded.
The ogre closely misses you.
You hit the ogre.
The ogre is heavily wounded.
The ogre hits you with a +0 giant club!!
You are too injured to fight recklessly!
You are too injured to fight recklessly!
You are too injured to fight recklessly!
Your shield prevents you from hitting the ogre.
The ogre is heavily wounded.
You block the ogre's attack.
Unknown command.
Press: ? - help, v - describe, . - travel, g - get item
Here: an ogre, wielding a +0 giant club (heavily wounded)
Items here: a +0 short sword; a +0 chain mail; an orc corpse.
The floor.
You hit the ogre. You squeeze the ogre.
The ogre is severely wounded.
The ogre hits you with a +0 giant club!!
Ouch! That really hurt!
You die...

#.# #.#
# #.#
#.# #.#
#.#
#####.#
#.#
#.....#
.#
#.#####
#)# #.#
#@# #O#


ooo .#.#. ##...## #.. #.. #..# You could see an ogre and 3 orcs.

Vanquished Creatures
  A black bear (D:4)
  A water moccasin zombie (D:5)
  2 hounds (D:4)
  A gnoll shaman (D:4)
  A centaur skeleton (D:4)
  An iguana (D:4)
  An orc wizard (D:3)
  7 gnolls (D:4)
  A howler monkey skeleton (D:4)
  6 adders
  An adder skeleton (D:5)
  2 worms
  3 dart slugs
  9 orcs
  6 endoplasms
  5 giant cockroaches
  6 goblins
  7 hobgoblins
  4 jackals (D:1)
  A quokka (D:1)
  6 ball pythons
  4 bats
  4 frilled lizards
  7 kobolds
  4 rats
91 creatures vanquished.

Notes
Turn   | Place    | Note
-------+----------+-------------------------------------------
     0 | D:1      | Zeld the Octopode Fighter began the quest for the Orb.
     0 | D:1      | Reached XP level 1. HP: 16/16 MP: 1/1
   231 | D:1      | Reached XP level 2. HP: 8/21 MP: 2/2
   778 | D:1      | Reached XP level 3. HP: 8/26 MP: 3/3
  1502 | D:2      | Found a faded altar of an unknown god.
  1552 | D:2      | Reached XP level 4. HP: 31/32 MP: 4/4
  3104 | D:3      | Reached skill level 1 in Throwing
  3453 | D:3      | Reached skill level 2 in Throwing
  3453 | D:3      | Reached XP level 5. HP: 6/37 MP: 5/5
  4520 | D:4      | Reached skill level 3 in Throwing
  4608 | D:4      | Noticed a black bear
  4610 | D:4      | Killed a black bear
  4611 | D:4      | Reached skill level 4 in Throwing
  4611 | D:4      | Reached XP level 6. HP: 31/43 MP: 6/6
  4764 | D:4      | Found a shimmering blue altar of Sif Muna.
  5368 | D:4      | Reached skill level 5 in Throwing
  5806 | D:4      | Found Nahankas's General Store.
  5815 | D:4      | Bought a potion of curing for 39 gold pieces
  5844 | D:4      | Found a staircase to the Ecumenical Temple.
  5853 | Temple   | Entered the Ecumenical Temple
  5976 | Temple   | Became a worshipper of Warmaster Okawaru
  6141 | D:4      | Reached XP level 7. HP: 47/47 MP: 7/7
  6367 | D:4      | Bought a scroll of enchant armour for 97 gold pieces
  6869 | D:5      | Entered Level 5 of the Dungeon
  7047 | D:5      | Reached skill level 6 in Throwing
  7082 | D:5      | Demolished by an ogre

Illustrated notes

Levels and vault maps discovered:
D:1:      elethiomel_arrival_infinity_welcomes_careful_drivers, layout_basic
D:2:      layout_loops_corners, hellmonk_ecumenical_altar_run_dry
D:3:      layout_rooms
D:4:      layout_loops_corners, led_sif_pool,
          minmay_temple_entry_statues_pillars, serial_shops,
          nicolae_shop_waterfront, amethyst_killhole, minmay_strange_pillars,
          kennysheep_crisscross
D:5:      minmay_spotlight, layout_loops_ring, uniq_grinder
Temple:   regret_index_temple_generic_petals

Skill      XL: |  1  2  3  4  5  6  7 |
---------------+----------------------+-----
Axes           | 3 |  3.1
Throwing       | 2 4 5 6 |  6.0
Fighting       | |  3.8
Dodging        | |  3.0
Shields        | |  3.8

Action                   |  1- 3 |  4- 6 |  7- 9 || total
-------------------------+-------+-------+-------++-------
Melee: War axe           |    50 |    96 |    28 ||   174
       Constrict         |    22 |    28 |     8 ||    58
       Tentacles         |    10 |    17 |     8 ||    35
Throw: Dart              |       |     3 |       ||     3
  Use: Scroll            |       |       |     2 ||     2
 Stab: Sleeping          |     4 |     8 |     2 ||    14
Armor: Skin              |     8 |     8 |       ||    16
Dodge: Dodged            |    27 |    48 |     8 ||    83
Block: Kite shield       |    21 |    48 |    17 ||    86

Table legend: (Time is in decaauts)
 A = Elapsed time spent in this place.
 B = Non-inter-level travel time spent in this place.
 C = Inter-level travel time spent in this place.
 D = Time resting spent in this place.
 E = Time spent auto-exploring this place.
 F = Levels seen in this place.
 G = Mean time per level.
                   A        B        C        D        E       F      G
               +--------+--------+--------+--------+--------+-----+--------+
         Total |   7181 |   6981 |    200 |   1248 |   4983 |   6 | 1196.8 |
       Dungeon |   6902 |   6765 |    137 |   1248 |   4771 |   5 | 1380.4 |
        Temple |    279 |    216 |     63 |      0 |    212 |   1 |  279.0 |
               +--------+--------+--------+--------+--------+-----+--------+

Top non-repeatable levels by time:
     D:4: 2446 daAuts
     D:2: 1625 daAuts
     D:1: 1341 daAuts
     D:3: 1264 daAuts
  Temple: 279 daAuts
     D:5: 223 daAuts
